[Event "Titled Tuesday Blitz March 14 Late 2023"]
[White "Wu, Sibo"]
[Black "Fishbein, Alexander"]
[WhiteFideId "8606048"]
[BlackFideId "2000377"]
[WhiteElo "2427"]
[BlackElo "2415"]
[Result "0-1"]
[Round "03"]
[TimeControl "180+1"]
[Date "2023.03.14"]
[WhiteClock "0:00:03"]
[BlackClock "0:00:13"]

1. d4 Nf6 2. Bf4 Nc6 3. Nf3 d6 4. e3 g6 5. c3 Bg7 6. Nbd2 O-O 7. Bd3 Qe8 8. Qc2 e5 9. dxe5 dxe5 10. Bg5 Nd7 11. e4 Nc5 12. Bc4 Be6 13. O-O Bxc4 14. Nxc4 Qe6 15. Ne3 f6 16. Bh4 Ne7 17. Rfd1 Rfd8 18. b4 Nd7 19. c4 c6 20. c5 Nf8 21. Nc4 Rd7 22. Nd6 b5 23. a4 bxa4 24. Rxa4 Nc8 25. Nxc8 Rxc8 26. Rda1 Rcd8 27. h3 Qf7 28. Ra6 Rc8 29. Qa2 Qxa2 30. R1xa2 Rcc7 31. Bg3 Ne6 32. b5 Nxc5 33. bxc6 Rd1+ 34. Kh2 Nxa6 35. Rxa6 Rc1 36. Nd2 R1xc6 37. Ra5 Kf7 38. f4 Rc2 39. Nb3 R2c3 40. Nd2 R3c5 41. Ra6 R5c6 42. Ra5 Rc5 43. Ra6 Rc2 44. Nf3 exf4 45. Bxf4 Re7 46. Ra4 Re2 47. e5 fxe5 48. Ng5+ Ke8 49. Bc1 h6 50. Ne4 Rc7 51. Ba3 Rcc2 52. Nd6+ Kd7 53. Rg4 g5 54. h4 Bf8 55. hxg5 hxg5 56. Rxg5 Bxd6 57. Rg7+ Kc6 58. Rg6 Red2 0-1


[Site "https://www.chess.com"]

[Event "Titled Tuesday Blitz March 14 Late 2023"]
[White "Yanchenko, Roman"]
[Black "Deac, Bogdan-Daniel"]
[WhiteFideId "4137329"]
[BlackFideId "1226380"]
[WhiteElo "2491"]
[BlackElo "2649"]
[Result "0-1"]
[Round "03"]
[TimeControl "180+1"]
[Date "2023.03.14"]
[WhiteClock "0:00:17"]
[BlackClock "0:00:10"]

1. d4 Nf6 2. Nf3 b6 3. c4 Bb7 4. Bf4 g6 5. Nc3 Bg7 6. e3 Nh5 7. Bg5 h6 8. Bh4 d6 9. d5 c6 10. Nd4 Nf6 11. Be2 cxd5 12. Bxf6 Bxf6 13. cxd5 a6 14. h4 h5 15. a4 Nd7 16. Rc1 Rc8 17. Nc6 Bxc6 18. dxc6 Rxc6 19. Bxa6 Bxc3+ 20. bxc3 Qc7 21. c4 O-O 22. g4 Rc5 23. Rg1 Nf6 24. gxh5 Rxh5 25. Qd3 Qc5 26. Ke2 Rxh4 27. Bb7 Kg7 28. Rg3 Rfh8 29. Rcg1 R8h6 30. Rg5 Qxc4 31. Qxc4 Rxc4 32. a5 bxa5 33. Rxa5 Rc2+ 34. Kf3 Rh2 35. Rg2 Rxg2 36. Kxg2 Ng4 37. Kf3 Nxf2 38. Ra7 Kf6 39. Ba6 Rb2 40. Rc7 Nh3 41. Bc4 Ng5+ 42. Kf4 Rc2 43. Rc8 d5 44. Ba6 Ne6+ 45. Kf3 Rxc8 46. Bxc8 Ke5 47. Bd7 f5 48. Be8 Kf6 49. Bd7 Ng5+ 50. Ke2 e6 51. Bc8 Ne4 52. Kf3 g5 53. Bb7 g4+ 54. Kg2 Ke5 55. Bc8 Nc5 56. Kf2 Kd6 0-1


[Site "https://www.chess.com"]

[Event "Titled Tuesday Blitz March 14 Late 2023"]
[White "Yeritsyan, Hayk"]
[Black "Kohler, Aran"]
[WhiteFideId "13307320"]
[BlackFideId "1002856"]
[WhiteElo "2435"]
[BlackElo "2234"]
[Result "0-1"]
[Round "03"]
[TimeControl "180+1"]
[Date "2023.03.14"]
[WhiteClock "0:01:13"]
[BlackClock "0:01:02"]

1. d4 Nf6 2. Nf3 d5 3. e3 Bg4 4. c4 e6 5. Qb3 Bxf3 6. gxf3 Nc6 7. Qxb7 Nb4 8. Qb5+ Qd7 9. Qxd7+ Nxd7 10. Kd1 dxc4 11. Bxc4 Nb6 12. Be2 O-O-O 13. a3 N4d5 14. Nc3 Kb8 15. Nxd5 Rxd5 16. b4 e5 17. Bb2 exd4 18. exd4 Na4 19. Bc4 Nxb2+ 0-1


[Site "https://www.chess.com"]

[Event "Titled Tuesday Blitz March 14 Late 2023"]
[White "Yuan, Qingyu"]
[Black "Fedoseev, Vladimir"]
[WhiteFideId "8609772"]
[BlackFideId "24130737"]
[WhiteElo "2359"]
[BlackElo "2752"]
[Result "0-1"]
[Round "03"]
[TimeControl "180+1"]
[Date "2023.03.14"]
[WhiteClock "0:00:06"]
[BlackClock "0:00:37"]

1. e4 e5 2. Nf3 Nc6 3. Bb5 Nf6 4. d3 d6 5. c3 Bd7 6. O-O g6 7. Re1 Bg7 8. Nbd2 O-O 9. h3 a6 10. Ba4 b5 11. Bc2 h6 12. Nf1 Re8 13. Ng3 d5 14. Be3 Be6 15. d4 exd4 16. Nxd4 Nxd4 17. Bxd4 c6 18. exd5 Nxd5 19. Bxg7 Kxg7 20. Ne4 Nf6 21. Nc5 Qxd1 22. Raxd1 Bd5 23. a4 a5 24. f3 Rxe1+ 25. Rxe1 Rb8 26. Re7 bxa4 27. Nxa4 c5 28. Ra7 Rb5 29. Rc7 c4 30. Kf2 Ne8 31. Rc5 Rxc5 32. Nxc5 Kf6 33. Ke3 Ke5 34. Be4 Nf6 35. f4+ Kd6 36. Nb7+ Kc7 37. Nxa5 Bxe4 38. Nxc4 Bxg2 39. h4 Bd5 40. Ne5 Be6 41. c4 Ng4+ 42. Nxg4 Bxg4 43. Kd4 Kd6 44. b4 Be2 45. b5 Ke6 46. b6 Bf3 47. c5 Bc6 48. Ke3 Kd5 49. b7 Bxb7 50. f5 g5 51. hxg5 hxg5 52. f6 Kxc5 53. Kf2 Kd6 54. Kg3 Ke5 55. Kg4 Kxf6 56. Kh5 Bc8 57. Kh6 g4 0-1


[Site "https://www.chess.com"]

[Event "Titled Tuesday Blitz March 14 Late 2023"]
[White "Zheng, Richard"]
[Black "Bilan, Danila"]
[WhiteFideId "2624893"]
[BlackFideId "24161918"]
[WhiteElo "2633"]
[BlackElo "2182"]
[Result "0-1"]
[Round "03"]
[TimeControl "180+1"]
[Date "2023.03.14"]
[WhiteClock "0:00:48"]
[BlackClock "0:00:15"]

1. d4 d5 2. Bg5 Nf6 3. e3 c5 4. c3 Nc6 5. Bd3 e5 6. dxe5 Nxe5 7. Nf3 Nxd3+ 8. Qxd3 Be7 9. Nbd2 O-O 10. O-O b6 11. Rfd1 Bb7 12. Nf1 Ne4 13. Bf4 Qc8 14. Qe2 Bf6 15. Ng3 Qg4 16. h3 Nxg3 17. Bxg3 Qe6 18. a4 a5 19. Qc2 Rad8 20. Bh4 Rfe8 21. Bxf6 Qxf6 22. b4 d4 23. cxd4 Bxf3 24. gxf3 Qxf3 25. dxc5 bxc5 26. bxc5 Qxh3 27. c6 Rc8 28. Rd6 Re5 29. f4 Rxe3 30. c7 Rg3+ 31. Kf2 Rg2+ 32. Ke1 Qh1# 0-1


[Site "https://www.chess.com"]

[Event "Titled Tuesday Blitz March 14 Late 2023"]
[White "Klose, Eli"]
[Black "Martinez Alcantara, Jose Eduardo"]
[WhiteFideId "16242955"]
[BlackFideId "3805662"]
[WhiteElo "2621"]
[BlackElo "2712"]
[Result "1/2-1/2"]
[Round "03"]
[TimeControl "180+2"]
[Date "2023.03.14"]
[WhiteClock "0:00:08"]
[BlackClock "0:00:06"]

1. e4 c5 2. Nc3 a6 3. g3 Nc6 4. Bg2 g6 5. d3 Bg7 6. Be3 d6 7. Qd2 h5 8. h3 e6 9. Nge2 Nd4 10. O-O Ne7 11. Nc1 Bd7 12. Nd1 Rc8 13. c3 Ndc6 14. Ne2 O-O 15. Bh6 b5 16. Bxg7 Kxg7 17. Ne3 e5 18. d4 cxd4 19. cxd4 Qb6 20. Rfd1 Rfd8 21. Rac1 Be8 22. Rc3 exd4 23. Nxd4 Qxd4 24. Qxd4+ Nxd4 25. Rxd4 Rxc3 26. bxc3 Nc6 27. Rd2 Kf8 28. f4 a5 29. a3 a4 30. Kf2 Ke7 31. Nd5+ Kf8 32. Bf1 Na5 33. Nc7 Nb3 34. Rd1 Nc5 35. Ke3 Bc6 36. Nxb5 Nxe4 37. Bg2 Re8 38. Kd4 Bxb5 39. Bxe4 Bd7 40. h4 Rb8 41. Rb1 Rc8 42. Rb6 Be6 43. Rxd6 Rb8 44. Bd5 Bxd5 45. Rxd5 Rb3 46. Ra5 Rxa3 47. Ra7 Ra1 48. c4 a3 49. Ke5 Kg7 50. Kd5 Kf6 51. Kc6 Rc1 52. c5 Rc3 53. Kd6 Rd3+ 54. Kc7 Rxg3 55. c6 Rc3 56. Kd7 Rd3+ 57. Kc8 Kf5 58. Rxf7+ Kg4 59. Rg7 Kxh4 60. Rxg6 Rc3 61. Kd7 a2 62. Rg1 Rd3+ 63. Kc8 Ra3 64. Ra1 Kg4 65. c7 Kxf4 66. Kd7 Rd3+ 67. Ke8 Rc3 68. Kd7 Rd3+ 69. Ke7 Rc3 70. Kd7 h4 71. Rxa2 Rxc7+ 72. Kxc7 h3 73. Kd6 Kg3 74. Ke5 h2 75. Ra1 Kg2 76. Ra2+ Kg3 77. Ra1 Kg2 78. Kf4 h1=Q 79. Rxh1 Kxh1 1/2-1/2


[Site "https://www.chess.com"]

[Event "Titled Tuesday Blitz March 14 Late 2023"]
[White "Postma, Dinant"]
[Black "Movahed, Sina"]
[WhiteFideId "1018612"]
[BlackFideId "42520835"]
[WhiteElo "2513"]
[BlackElo "2225"]
[Result "0-1"]
[Round "03"]
[TimeControl "180+2"]
[Date "2023.03.14"]
[WhiteClock "0:00:04"]
[BlackClock "0:00:58"]

1. d4 Nf6 2. Bg5 c5 3. d5 Ne4 4. Bf4 b5 5. f3 Qa5+ 6. c3 Nf6 7. e4 e6 8. Nh3 exd5 9. e5 Ng8 10. Qxd5 Nc6 11. Ng5 Nh6 12. Ne4 c4 13. Bxh6 gxh6 14. Nf6+ Kd8 15. Nd2 Qb6 16. O-O-O Qe3 17. Bxc4 bxc4 18. Rhe1 Qc5 19. Qxf7 Be7 20. Nde4 Qxe5 21. Qxc4 Bxf6 22. Qxc6 Bg5+ 23. Kb1 Rb8 24. Qc4 Qb5 0-1


[Site "https://www.chess.com"]

[Event "Titled Tuesday Blitz March 14 Late 2023"]
[White "ArchibaldCerveza29"]
[Black "Perez Ponsa, Federico"]
[BlackFideId "117927"]
[WhiteElo "2506"]
[BlackElo "2592"]
[Result "0-1"]
[Round "03"]
[TimeControl "180+2"]
[Date "2023.03.14"]
[WhiteClock "0:00:07"]
[BlackClock "0:01:17"]

1. e4 c5 2. Nf3 d6 3. d4 cxd4 4. Nxd4 Nf6 5. Nc3 a6 6. Rg1 h5 7. Bg5 Nbd7 8. f4 b5 9. Bd3 Qb6 10. Nf3 Bb7 11. Qe2 Rc8 12. O-O-O Rxc3 13. bxc3 e6 14. Nd4 d5 15. Bxf6 Nxf6 16. e5 Ba3+ 17. Kb1 Nd7 18. f5 Nc5 19. fxe6 fxe6 20. Rgf1 Na4 21. Qd2 b4 22. c4 Nc3+ 23. Ka1 Qa5 24. Bg6+ Kd8 25. Qxc3 bxc3 26. Nb3 Bb2+ 27. Kb1 Qa3 28. cxd5 Ba1 29. dxe6+ Kc8 0-1


[Site "https://www.chess.com"]

[Event "Titled Tuesday Blitz March 14 Late 2023"]
[White "TimGrutter03"]
[Black "Holt, Conrad"]
[BlackFideId "2034387"]
[WhiteElo "2495"]
[BlackElo "2592"]
[Result "1-0"]
[Round "03"]
[TimeControl "180+2"]
[Date "2023.03.14"]
[WhiteClock "0:00:14"]
[BlackClock "0:00:01"]

1. e4 e6 2. d4 d5 3. Nc3 Nf6 4. Bg5 dxe4 5. Nxe4 Be7 6. Nxf6+ Bxf6 7. Bxf6 Qxf6 8. Nf3 c5 9. Bb5+ Bd7 10. Bxd7+ Nxd7 11. O-O O-O 12. dxc5 Nxc5 13. Qd4 Qxd4 14. Nxd4 Rfd8 15. Rfd1 Na4 16. Rab1 e5 17. Nf3 f6 18. Kf1 Rxd1+ 19. Rxd1 Rc8 20. b3 Nc5 21. Nd2 Na6 22. c4 Rd8 23. Ke2 Nb4 24. a4 Nc6 25. Nf3 Rxd1 26. Kxd1 e4 27. Nd2 f5 28. Kc2 Kf7 29. Kc3 a5 30. c5 Ke6 31. Kc4 Ke5 32. g3 g5 33. Kb5 f4 34. Kb6 e3 35. gxf4+ gxf4 36. fxe3 fxe3 37. Nc4+ Kf4 38. Nxe3 Kxe3 39. Kxb7 Ne7 40. Kb6 Kd4 41. Kxa5 Kxc5 42. b4+ Kc6 43. b5+ Kc5 44. Ka6 Nd5 45. Ka7 h5 46. h4 Kb4 47. b6 Kxa4 48. b7 Ne7 49. Kb6 Nd5+ 50. Kc5 1-0


[Site "https://www.chess.com"]

[Event "Titled Tuesday Blitz March 14 Late 2023"]
[White "Papasimakopoulos, Alexandros"]
[Black "slow_jamz"]
[WhiteFideId "4244125"]
[WhiteElo "2359"]
[BlackElo "2465"]
[Result "1/2-1/2"]
[Round "03"]
[TimeControl "180+2"]
[Date "2023.03.14"]
[WhiteClock "0:00:22"]
[BlackClock "0:00:15"]

1. d4 d5 2. c4 c6 3. cxd5 cxd5 4. Bf4 Nf6 5. Nc3 a6 6. e3 e6 7. Bd3 Be7 8. h3 O-O 9. Nf3 b5 10. O-O Bb7 11. a4 b4 12. Nb1 Nbd7 13. Nbd2 a5 14. Nb3 Qb6 15. Qe2 Rfc8 16. Bb5 Ba6 17. Rfc1 Rxc1+ 18. Rxc1 Bxb5 19. Qxb5 Qxb5 20. axb5 a4 21. Nc5 a3 22. bxa3 bxa3 23. Na6 Nb6 24. Bc7 Nc4 25. Ne5 Nxe5 26. Bxe5 Nd7 27. Bc7 f6 28. Kf1 Ra7 29. Ke2 Rb7 30. Rb1 Nb6 31. Bxb6 Rxb6 32. Kd3 a2 33. Ra1 Rxb5 34. Rxa2 Rb3+ 35. Kc2 Rb7 36. Kd2 Ra7 37. Kd3 Kf7 38. f3 h5 39. e4 Ke8 40. exd5 exd5 41. Nb4 Rxa2 42. Nxa2 Kd7 43. Nc3 Ke6 44. Nb5 Bd8 45. Ke3 Bb6 46. Nc3 g6 47. Ne2 g5 48. Ng3 h4 49. Ne2 Ba5 50. Nc1 Bb4 51. Nd3 Bd6 52. Nb2 Bf4+ 53. Kd3 Kd6 54. Na4 Kc6 55. Nc5 Bd6 56. Ne6 Kd7 57. Ng7 Bc7 58. Nf5 Ke6 59. Ne3 Ba5 60. Kc2 Kd6 61. Ng4 Ke6 62. Kb3 Bb6 63. Kc3 Ba7 64. Ne3 Bb6 65. Nc2 Kd6 66. Kb4 Ba7 67. Kb5 Bb8 68. Kb6 Bc7+ 69. Kb7 Ba5 70. Kc8 Bc3 71. Kd8 Ke6 72. Ke8 Bb2 73. Kf8 Bc3 74. Kg7 Bb2 75. Kg6 Bc3 76. Kh5 Bb2 77. f4 Bc1 78. fxg5 fxg5 79. Kg6 Bd2 80. Na3 Be3 81. Nb5 Kd7 82. Kf5 Kc6 83. Na3 Bf4 84. Nc2 Kb5 85. Ne1 Kc4 86. Nf3 Be3 87. Ke5 Bf4+ 88. Ke6 Be3 89. Kf5 Bxd4 90. Kxg5 Bf2 91. Kf4 d4 92. Ke4 d3 93. Ne5+ Kc3 94. Nxd3 Bg3 95. Nc5 Kd2 96. Kf3 Ke1 97. Ne4 Be5 98. Ng5 Bf6 99. Ne6 Kf1 100. Nf4 Kg1 101. Ne2+ Kh2 102. Nc1 Bg5 103. Nd3 Bd8 104. Ne5 Bc7 105. Ng4+ Kh1 106. Nh6 Bd8 107. Nf5 Bf6 108. Ne3 Bg5 109. Nf1 Be7 110. Nd2 Bd8 111. Ne4 Be7 112. g4 hxg3 113. Kxg3 Kg1 114. Nd2 Bd6+ 115. Kg4 Be7 116. Nf3+ Kg2 117. Nd4 Bf6 118. Ne2 Kf2 119. Nf4 Bd8 120. Nd5 Ke2 121. Nc3+ Kd3 122. Nb5 Ke4 123. Nd6+ Kd5 124. Nf7 Be7 125. Ng5 Ke5 126. h4 Kf6 127. h5 Kg7 128. Ne6+ Kh7 129. Nd4 Bf6 130. Nf5 Bd8 131. Kf4 Bf6 132. Ke4 Bh8 133. Kd5 Bb2 134. Ke6 Ba1 135. Kd5 Bb2 136. Ke4 Ba1 137. Kf4 Bb2 138. Kg4 Bc1 139. Ne7 Kh6 140. Nc6 Kh7 141. Ne5 Bd2 142. Nd3 Bc3 143. Nc5 Bd4 144. Ne4 Bb2 145. Ng5+ Kh8 146. Nf7+ Kg7 147. Nd6 Kh7 148. Kg5 Bc1+ 149. Kf5 Ba3 150. Nf7 Bc1 151. Kg4 Bd2 152. Ne5 Bc1 153. Nf3 Be3 154. Ne5 Bc1 155. Nd3 Bd2 156. Nc5 Bc1 157. Nb3 Be3 158. Na5 Bb6 159. Nc4 Bd4 160. Nd6 Bb2 161. Ne4 Bc1 162. Ng5+ Bxg5 163. Kxg5 Kg7 164. h6+ Kh7 165. Kh5 Kh8 166. Kg6 Kg8 167. h7+ Kh8 168. Kh6 1/2-1/2


[Site "https://www.chess.com"]

[Event "Titled Tuesday Blitz March 14 Late 2023"]
[White "Kielinkei"]
[Black "Volkov, Maksim"]
[BlackFideId "54123070"]
[WhiteElo "2435"]
[BlackElo "2312"]
[Result "0-1"]
[Round "03"]
[TimeControl "180+2"]
[Date "2023.03.14"]
[WhiteClock "0:00:11"]
[BlackClock "0:00:22"]

1. d4 Nf6 2. c4 e6 3. g3 d5 4. Bg2 dxc4 5. Nf3 a6 6. O-O Nc6 7. Nbd2 Nxd4 8. Nxc4 Nxf3+ 9. Bxf3 Qxd1 10. Rxd1 Nd5 11. e4 Nb4 12. Bf4 Bd7 13. Bxc7 Rc8 14. Nd6+ Bxd6 15. Bxd6 Nc6 16. Rac1 f6 17. e5 fxe5 18. Be4 Kf7 19. Kg2 Kf6 20. Rc5 Rhd8 21. f4 exf4 22. gxf4 h6 23. Kf2 Be8 24. Ke3 Bg6 25. Be5+ Kf7 26. Rxd8 Rxd8 27. Bxc6 bxc6 28. Rxc6 Rd3+ 29. Ke2 Rh3 30. Rxa6 Bd3+ 31. Kf2 Bxa6 32. f5 exf5 33. a4 Rb3 34. Bc3 g5 35. a5 f4 0-1


[Site "https://www.chess.com"]

[Event "Titled Tuesday Blitz March 14 Late 2023"]
[White "Vlassov, Nikolai"]
[Black "marik_spb"]
[WhiteFideId "4103360"]
[WhiteElo "2324"]
[BlackElo "2418"]
[Result "1-0"]
[Round "03"]
[TimeControl "180+2"]
[Date "2023.03.14"]
[WhiteClock "0:00:49"]
[BlackClock "0:00:01"]

1. e4 c6 2. d4 d5 3. e5 Bf5 4. Nc3 e6 5. g4 Bg6 6. Nge2 h5 7. Nf4 Bh7 8. Nxh5 c5 9. dxc5 Nc6 10. Bb5 Qc7 11. Bf4 Bxc5 12. Nxg7+ Kf8 13. Nh5 Nxe5 14. O-O Bg6 15. Ng3 Nf6 16. Be2 Bd6 17. Nb5 Qc6 18. Nxd6 Qxd6 19. Qd4 Nfd7 20. c4 f6 21. Rad1 Qb6 22. cxd5 Qxd4 23. Rxd4 exd5 24. Rxd5 Bf7 25. Rd6 Bxa2 26. Rfd1 Nb6 27. Rxf6+ Nf7 28. Ra1 Bc4 29. Rxb6 Bxe2 30. Nxe2 Re8 31. Rxb7 Rxe2 32. Raxa7 Rh7 33. Kg2 Re4 34. Kg3 Rd4 35. g5 Rd5 36. g6 Rg7 37. Rxf7+ Rxf7 38. Rxf7+ Kg8 39. Bh6 Rd8 40. b4 Rb8 41. b5 Kh8 42. b6 Rg8 43. Rh7# 1-0


[Site "https://www.chess.com"]

[Event "Titled Tuesday Blitz March 14 Late 2023"]
[White "Becham, Khalid"]
[Black "Crevatin, Leo"]
[WhiteFideId "9000275"]
[BlackFideId "1726307"]
[WhiteElo "2081"]
[BlackElo "2190"]
[Result "1-0"]
[Round "03"]
[TimeControl "180+2"]
[Date "2023.03.14"]
[WhiteClock "0:00:29"]
[BlackClock "0:00:35"]

1. d4 Nf6 2. Bg5 d5 3. Nf3 Bf5 4. e3 Nbd7 5. Bd3 Bg6 6. c3 e6 7. O-O Bd6 8. h3 c5 9. Re1 O-O 10. Bxg6 hxg6 11. Nbd2 Qb6 12. Qb3 Qa6 13. c4 cxd4 14. Nxd4 Nc5 15. Qb5 Qxb5 16. Nxb5 Be5 17. Reb1 Nfe4 18. Nxe4 Nxe4 19. Bf4 Bxf4 20. exf4 dxc4 21. Re1 Nf6 22. Rac1 a6 23. Nc7 Rac8 24. Rxc4 Rfd8 25. Rec1 Rd2 26. Rb4 b5 27. Rc3 Rd6 28. Nxb5 Rxc3 29. Nxd6 Rc1+ 30. Kh2 Nd5 31. Rb8+ Kh7 32. Nxf7 Nxf4 33. Ng5+ Kh6 34. h4 Kh5 35. g3 Nd3 36. f3 Rc2+ 37. Kg1 1-0


[Site "https://www.chess.com"]

[Event "Titled Tuesday Blitz March 14 Late 2023"]
[White "Di Nicolantonio, Lucas"]
[Black "Leonte, Sebastian-Marian"]
[WhiteFideId "680460"]
[BlackFideId "1268767"]
[WhiteElo "2358"]
[BlackElo "2344"]
[Result "1-0"]
[Round "03"]
[TimeControl "180+2"]
[Date "2023.03.14"]
[WhiteClock "0:00:49"]
[BlackClock "0:00:02"]

1. Nf3 Nf6 2. c4 e6 3. Nc3 d5 4. e3 Be7 5. b3 O-O 6. Bb2 b6 7. cxd5 Nxd5 8. Qc2 Bb7 9. h4 Nb4 10. Qb1 Ba6 11. Ng5 Bd3 12. Bxd3 Qxd3 13. a3 Qxb1+ 14. Rxb1 Nd3+ 15. Ke2 Nxb2 16. Rxb2 Bxa3 17. Rc2 Bd6 18. Nb5 Na6 19. Ra1 Nb4 20. Rc4 Nd5 21. Ne4 a6 22. Nbxd6 cxd6 23. Nxd6 Rfd8 24. Rc6 Kf8 25. Nc4 b5 26. Nb6 Nb4 27. Nxa8 Nxc6 28. Rxa6 Nb4 29. Ra7 Nd3 30. Nb6 Nc1+ 31. Kf3 Nxb3 32. d4 Nd2+ 33. Ke2 Ne4 34. Nd7+ Ke8 35. Ne5 f6 36. Nc6 Rd7 37. Ra8+ Kf7 38. Rb8 Rc7 39. Nb4 Rc4 40. Rxb5 Nc3+ 41. Kd3 Nxb5 42. Kxc4 Nd6+ 43. Kd3 Nf5 44. g3 g5 45. hxg5 fxg5 46. e4 Ne7 47. Kc4 h5 48. Nd3 h4 49. Ne5+ Kf6 50. Ng4+ Kg6 51. Kc5 h3 52. Kd6 Kh5 53. f3 Ng8 54. Kxe6 Nh6 55. Nh2 g4 56. f4 Ng8 57. d5 Kg6 58. d6 Nf6 59. d7 Nxe4 60. d8=Q 1-0


[Site "https://www.chess.com"]

[Event "Titled Tuesday Blitz March 14 Late 2023"]
[White "DeyanKostov"]
[Black "Romkachess"]
[WhiteElo "2319"]
[BlackElo "2573"]
[Result "1/2-1/2"]
[Round "03"]
[TimeControl "180+2"]
[Date "2023.03.14"]
[WhiteClock "0:02:04"]
[BlackClock "0:01:00"]

1. d4 d5 2. c4 e6 3. Nc3 Nf6 4. cxd5 exd5 5. Bg5 c6 6. e3 Nbd7 7. Bd3 Be7 8. Nf3 O-O 9. Qc2 Re8 10. O-O h6 11. Bf4 Nf8 12. h3 Ne6 13. Bh2 c5 14. dxc5 Nxc5 15. Bf5 Bxf5 16. Qxf5 Nce4 17. Nxe4 dxe4 18. Nd4 Bd6 19. Bxd6 Qxd6 20. Rfd1 Qb6 21. Qb5 Rac8 22. Qxb6 axb6 23. Rac1 Red8 24. a3 Kf8 25. Kf1 g6 26. Ke2 Ke7 27. Kd2 Nd5 28. Rxc8 Rxc8 29. Rc1 Rxc1 30. Kxc1 Nc7 31. Kc2 Kd6 32. Kc3 Kc5 33. b4+ Kd5 34. a4 f5 35. Nc2 b5 36. a5 Ne6 37. Na3 Nc7 38. Nc2 Ne6 39. Na3 Nc7 40. Nc2 1/2-1/2


[Site "https://www.chess.com"]

[Event "Titled Tuesday Blitz March 14 Late 2023"]
[White "Karttunen, Mika"]
[Black "babbilator"]
[WhiteFideId "502081"]
[WhiteElo "2396"]
[BlackElo "2218"]
[Result "0-1"]
[Round "03"]
[TimeControl "180+2"]
[Date "2023.03.14"]
[WhiteClock "0:00:03"]
[BlackClock "0:00:04"]

1. d4 Nf6 2. Bf4 e6 3. e3 b6 4. c3 Bb7 5. Nd2 c5 6. Ngf3 Be7 7. h3 d6 8. a4 a6 9. Qb3 Nbd7 10. Be2 Qc7 11. Bh2 O-O 12. O-O Rfe8 13. Rfe1 Rac8 14. Bf1 cxd4 15. exd4 Qb8 16. Bd3 Qa8 17. Qd1 Qb8 18. Qe2 Qa7 19. Nc4 Rc6 20. Nfd2 Qb8 21. Bc2 Rcc8 22. Qd3 Bd5 23. Ne3 Bb7 24. Ng4 Nf8 25. Ne3 Qc7 26. Qe2 Ra8 27. Bd3 N8d7 28. Bg3 Qc6 29. Bh4 Nf8 30. Bg3 N8d7 31. f3 Nh5 32. Bh2 Nhf6 33. g4 Qc7 34. Ng2 Nd5 35. Bc2 N5f6 36. Qd3 Nf8 37. Nf4 Nd5 38. Nh5 Qd7 39. Ne4 Nc7 40. Neg3 Bd5 41. Nf4 Bb7 42. Ng2 Qc6 43. Rf1 b5 44. a5 Nd5 45. Rae1 Qc7 46. Ra1 Nf6 47. Ne4 N6d7 48. f4 Rac8 49. f5 exf5 50. gxf5 Nf6 51. Ng5 Qc6 52. Rf2 Nd5 53. Raf1 Bxg5 54. h4 Bf6 55. Bg3 Qd7 56. Kh2 Re7 57. Re1 Rce8 58. Rxe7 Rxe7 59. Re2 Qe8 60. Rf2 Qd7 61. Bb3 Nc7 62. c4 bxc4 63. Bxc4 Bd5 64. Bxa6 Nxa6 65. Qxa6 Bxg2 66. Rxg2 Qe8 67. b4 Re3 68. b5 Bxd4 69. b6 Be5 70. b7 Bxg3+ 71. Rxg3 Qe5 72. b8=Q Qxg3+ 73. Kh1 Re1+ 74. Qf1 Rxf1# 0-1


[Site "https://www.chess.com"]

[Event "Titled Tuesday Blitz March 14 Late 2023"]
[White "Comas Fabrego, Lluis"]
[Black "Riff, Vincent"]
[WhiteFideId "2200325"]
[BlackFideId "617776"]
[WhiteElo "2523"]
[BlackElo "2369"]
[Result "0-1"]
[Round "03"]
[TimeControl "180+2"]
[Date "2023.03.14"]
[WhiteClock "0:00:16"]
[BlackClock "0:00:26"]

1. Nf3 Nf6 2. c4 e6 3. b3 b6 4. g3 Bb7 5. Bg2 g6 6. Bb2 Bg7 7. O-O O-O 8. d3 d6 9. e4 Nbd7 10. Nc3 a6 11. Re1 c5 12. d4 Qc7 13. Rc1 Rad8 14. Qe2 Rfe8 15. h3 Qb8 16. Rcd1 Qa8 17. d5 exd5 18. cxd5 b5 19. Qc2 Re7 20. Nb1 Rde8 21. e5 Nxd5 22. exd6 Rxe1+ 23. Rxe1 Nb4 24. Rxe8+ Qxe8 25. Qd2 Bxb2 26. Qxb2 Qe6 27. Qd2 Qd5 28. Qxd5 Bxd5 29. Nc3 Bxf3 30. Bxf3 Kf8 31. a3 Nc2 32. a4 Nd4 33. Bd1 b4 34. Nd5 Nf5 35. Nc7 Nxd6 36. Nxa6 Ke7 37. Nc7 Kf6 38. a5 Nc8 39. a6 Na7 40. Nd5+ Ke5 41. Ne3 Kd4 42. Be2 Kc3 43. Bc4 Ne5 44. Bd5 f5 45. f4 Nd3 46. Bg8 Nc1 47. Bxh7 Nxb3 48. Bxg6 Nd4 49. Bf7 b3 50. h4 b2 51. Ba2 Kd2 52. h5 Kxe3 53. h6 Ne2+ 54. Kg2 Nc3 55. h7 Nxa2 56. h8=Q b1=Q 57. Qe5+ Qe4+ 58. Qxe4+ Kxe4 59. Kh3 c4 60. Kg2 c3 0-1


[Site "https://www.chess.com"]

[Event "Titled Tuesday Blitz March 14 Late 2023"]
[White "Sailer, Mike"]
[Black "Roebers, Eline"]
[WhiteFideId "2012901"]
[BlackFideId "1058401"]
[WhiteElo "2109"]
[BlackElo "2541"]
[Result "0-1"]
[Round "03"]
[TimeControl "180+2"]
[Date "2023.03.14"]
[WhiteClock "0:01:18"]
[BlackClock "0:01:36"]

1. d4 f5 2. Bg5 h6 3. Bh4 g5 4. e3 Nf6 5. Be2 Bg7 6. Bh5+ Kf8 7. Bg3 d6 8. Be2 Qe8 9. c4 e5 10. f3 Nc6 11. Nc3 f4 12. Bf2 Nh5 13. d5 fxe3 14. Bxe3 Nd4 15. Bxd4 exd4 16. Ne4 Nf4 17. Kf2 Bf5 18. Ng3 Bg6 19. Nh3 Qe3+ 20. Kf1 d3 21. Nxf4 gxf4 22. Ne4 dxe2+ 0-1


[Site "https://www.chess.com"]

[Event "Titled Tuesday Blitz March 14 Late 2023"]
[White "Fan_Of_Chucky"]
[Black "Rasulov, Vugar"]
[BlackFideId "13402390"]
[WhiteElo "2330"]
[BlackElo "2509"]
[Result "0-1"]
[Round "03"]
[TimeControl "180+2"]
[Date "2023.03.14"]
[WhiteClock "0:00:03"]
[BlackClock "0:01:37"]

1. d4 Nf6 2. c4 e6 3. Nf3 Bb4+ 4. Bd2 a5 5. g3 b6 6. Bg2 Bb7 7. O-O O-O 8. Bf4 Na6 9. a3 Be7 10. Nc3 Ne4 11. d5 Nxc3 12. bxc3 Nc5 13. d6 cxd6 14. Bxd6 Rc8 15. Rb1 Re8 16. Ne5 Bxg2 17. Kxg2 f6 18. Nf3 Bxd6 19. Qxd6 Rc6 20. Qd4 Qc7 21. Rfd1 Rc8 22. Rb5 d6 23. Rdb1 Nd7 24. Nd2 Rc5 25. Rxc5 Nxc5 26. Ne4 Qc6 0-1


[Site "https://www.chess.com"]

[Event "Titled Tuesday Blitz March 14 Late 2023"]
[White "Melian, Juan Sebastian"]
[Black "Gharamian, Tigran"]
[WhiteFideId "3706575"]
[BlackFideId "13301527"]
[WhiteElo "2031"]
[BlackElo "2632"]
[Result "1-0"]
[Round "03"]
[TimeControl "180+2"]
[Date "2023.03.14"]
[WhiteClock "0:01:50"]
[BlackClock "0:01:41"]

1. b3 Nf6 2. Bb2 d5 3. Nf3 Nbd7 4. g3 c6 5. Bg2 Qc7 6. O-O e5 7. d3 Be7 8. Nbd2 O-O 9. e4 Re8 10. Nh4 Bf8 11. f4 dxe4 12. Nxe4 Nd5 13. fxe5 Ne3 14. Qh5 Nxf1 15. Ng5 h6 16. Qxf7+ Kh8 17. Ng6# 1-0


[Site "https://www.chess.com"]

[Event "Titled Tuesday Blitz March 14 Late 2023"]
[White "Bogaudinov, Rushan"]
[Black "Defend, Balint"]
[WhiteFideId "4129288"]
[BlackFideId "17004853"]
[WhiteElo "1949"]
[BlackElo "2522"]
[Result "1-0"]
[Round "03"]
[TimeControl "180+2"]
[Date "2023.03.14"]
[WhiteClock "0:00:31"]
[BlackClock "0:00:17"]

1. d4 Nf6 2. g3 e6 3. Bg2 d5 4. Nf3 c5 5. O-O Nc6 6. c3 Be7 7. dxc5 Bxc5 8. b4 Bb6 9. a3 O-O 10. Nbd2 Qc7 11. Bb2 Rd8 12. Qc2 e5 13. e4 a6 14. Rac1 Be6 15. Ng5 Bg4 16. h3 Bh5 17. exd5 Bg6 18. Qb3 Ne7 19. c4 Bd4 20. Rfe1 Nf5 21. c5 h6 22. d6 Qd7 23. Ngf3 Bxb2 24. Qxb2 e4 25. Ne5 Qe6 26. Nxg6 fxg6 27. Nxe4 Nxe4 28. Rxe4 Qf7 29. Rf4 Qd7 30. Re1 Re8 31. Rfe4 Rxe4 32. Rxe4 Re8 33. Qe2 Rf8 34. Qc4+ Kh8 35. Qe6 Qa4 36. d7 Kh7 37. h4 Rd8 38. h5 Qxd7 39. hxg6+ Kh8 40. Qxd7 Rxd7 41. Re8# 1-0


[Site "https://www.chess.com"]